 Dungeon Crawl Stone Soup version 0.32-a0-699-g1ee5eff69a (webtiles) character file.

Game seed: 10349365545942805158

9638 smashvw the Slicer (level 11, -13/63 HPs)
             Began as a Vine Stalker Berserker on Mar 14, 2024.
             Was an Elder of Trog.
             Mangled by an orc knight
             ... wielding a +0 halberd
              (14 damage)
             ... in a bailey.
             The game lasted 00:25:06 (7581 turns).

smashvw the Slicer (Vine Stalker Berserker)         Turns: 7581, Time: 00:25:06

Health: -13/63     AC: 13    Str: 22    XL:     11   Next: 49%
Magic:  0/12       EV:  8    Int:  7    God:    Trog [****..]
Gold:   617        SH:  0    Dex: 16    Spells: 10/10 levels left

rFire   . . .        i - +4 dagger
rCold   . . .        (no shield)
rNeg    . . .        u - +1 chain mail
rPois   .            (no helmet)
rElec   .            K - +0 cloak
rCorr   .            (no gloves)
SInv    .            F - +0 pair of boots
Will    +++..        L - amulet of regeneration
Stlth   +            (no ring)
HPRegen 2.90/turn    (no ring)
MPRegen 0.13/turn

%: guardian spirit
@: about to teleport, strong-willed, on berserk cooldown, regenerating, slowed,
very slow
A: fangs 3, regeneration 1, magic shield, antimagic bite, no potion heal 2
a: Renounce Religion, Berserk, Trog's Hand, Brothers in Arms


You were in a bailey.
You worshipped Trog.
Trog was greatly pleased with you.
You visited 1 branch of the dungeon, and saw 12 of its levels.
You also visited: Sewer and Bailey.

You collected 617 gold pieces.

Inventory:

Hand Weapons
 a - a +0 short sword
 i - a +4 dagger (weapon)
 n - a +2 heavy quick blade
 p - the +5 long sword "Guizxoku" {flame, rN+ rCorr}
   (You found it on level 3 of the Dungeon)

   rN+:       It protects you from negative energy.
   rCorr:     It protects you from acid and corrosion.
Armour
 b - a +0 animal skin
 u - a +1 chain mail (worn)
 F - a +0 pair of boots (worn)
 K - a +0 cloak (worn)
Jewellery
 e - a ring of protection from fire
 J - an amulet of faith
 L - an amulet of regeneration (around neck)
Wands
 G - a wand of flame (2) (quivered)
 H - a wand of paralysis (6)
 I - a wand of acid (2)
 M - a wand of mindburst (3)
Scrolls
 c - 4 scrolls of amnesia
 d - 2 scrolls of vulnerability
 g - 2 scrolls of enchant weapon
 j - 2 scrolls of teleportation
 l - 2 scrolls of fog
 s - a scroll of identify
 t - 2 scrolls of noise
 w - a scroll of immolation {unknown}
 x - a scroll of blinking {unknown}
 y - 2 scrolls of fear {unknown}
 B - a scroll of silence {unknown}
 N - a scroll of revelation
Potions
 f - a potion of haste {unknown}
 h - 3 potions of enlightenment
 k - a potion of degeneration
 m - a potion of brilliance
 o - 6 potions of curing
 q - 2 potions of berserk rage
 r - 2 potions of attraction {unknown}
 v - 2 potions of mutation {unknown}
 z - a potion of resistance {unknown}
 A - a potion of heal wounds {unknown}
 C - 3 potions of might {unknown}
 D - a potion of lignification {unknown}
 E - a potion of magic {unknown}


   Skills:
 - Level 10.0 Fighting
 + Level 10.5 Short Blades
 + Level 6.2 Armour
 - Level 1.5 Dodging
 - Level 6.0 Stealth
 - Level 3.0 Evocations


You had 10 spell levels left.
You didn't know any spells.
Your spell library was empty.

Dungeon Overview and Level Annotations

Branches:
Dungeon (12/15)            Temple (0/1) D:4             Orc (0/2) D:9
  Sewer (visited)          Bailey (1/1)
   Lair: D:8-11

Altars:
Ashenzari
Sif Muna
Yredelemnul

Shops:
D:1 [

Annotations:
D:4 1 runed translucent door, Crazy Yiuf
D:8 3 runed translucent doors


Innate Abilities, Weirdness & Mutations

You have razor-sharp teeth.
Your natural rate of healing is unusually fast.
When hurt, damage is shared between your health and your magic reserves.
Your bite disrupts and absorbs the magic of your enemies.
Potions cannot restore your health.


Message History

Things that are here:
a +0 trident; a +0 scale mail Your ogre hits the orc warrior with a +0 giant spiked club!!
The orc warrior hits you with a +0 halberd.
The orc knight attacks as it pursues you!
The orc knight hits you but does no damage.
Items here: ))) [[[ ††.
You closely miss the orc warrior.
The orc warrior is almost dead.
Your ogre misses the orc warrior.
The orc warrior hits you with a +0 halberd.
The orc knight hits you from afar with a +0 halberd!
* * * LOW HITPOINT WARNING * * *
You hit the orc warrior but do no damage.
Your bite misses the orc warrior.
The orc warrior is almost dead.
Your ogre closely misses the orc warrior.
The orc warrior barely misses you. The orc knight barely misses you.
You closely miss the orc warrior.
The orc warrior is almost dead.
The orc warrior hits you but does no damage.
The orc knight roars a battlecry!
The orcs go into a battle-frenzy!
Your ogre hits the orc warrior with a +0 giant spiked club!!!
The orc warrior dies!
Trog accepts your kill.
Your ogre hits the orc knight with a +0 giant spiked club!!
The orc warrior hits you from afar with a +0 trident!
* * * LOW HITPOINT WARNING * * *
The orc knight hits you from afar with a +0 halberd!
* * * LOW HITPOINT WARNING * * *
Okay, then.
Okay, then.
As you read the scroll of teleportation, it crumbles to dust.
You feel strangely unstable.
Your ogre closely misses the orc knight.
The orc warrior hits you from afar with a +0 trident!
* * * LOW HITPOINT WARNING * * *
The orc knight hits you from afar with a +0 halberd!
You die...

######.$#..♣≈≈≈≈..♣.##
.......#...≈≈≈≈.....#
....##.♣.≈≈≈≈..♣...
#.)#....≈≈≈≈......
#ß)#...######.....
#oo#.......)......
#oo)..............
#O)'..............
#@)#..............
#ß.#...######.....
#..#....≈≈≈≈..♣...
...##...≈≈≈≈..♣♣..
.....#...≈≈≈≈.....#
####.$#..≈≈≈≈≈..####
####..≈≈≈≈...#
..≈≈≈≈≈..♣# .≈≈≈≈≈..♣♣


You could see an orc knight (ally target), an orc warrior (strong), 2 orcs and a
friendly ogre (summoned, berserk).

Vanquished Creatures
  A two-headed ogre (D:8)
  An ugly thing (D:11)
  Maurice (D:8)
  A troll (D:12)
  A vampire (D:10)
  A shadow (D:10)
  19 yaks
  Eustachio (D:4)
  4 vampire mosquitoes (D:10)
  A steam dragon (D:8)
  Menkaure (D:5)
  Duvessa (D:4)
  An acid dragon (D:8)
  2 orc warriors (Bailey)
  2 ogres
  2 centaurs
  2 phantoms
  4 kobold brigands
  5 bullfrogs
  A gnoll sergeant (D:6)
  4 wights
  Dowan (D:4)
  10 killer bees
  6 howler monkeys
  4 bombardier beetles
  A hound (D:6)
  2 jellies
  2 orc priests
  2 iguanas
  9 orc wizards
  12 gnolls
  13 adders
  A river rat (Sewer)
  A shadow imp (D:7)
  3 white imps
  A ribbon worm (D:3)
  5 dart slugs
  23 orcs
  6 endoplasms
  2 giant cockroaches (D:1)
  8 goblins
  7 hobgoblins
  A jackal (Sewer)
  25 kobolds
  4 quokkas
  6 ball pythons
  7 bats
  4 frilled lizards
  7 rats
229 creatures vanquished.

Vanquished Creatures (collateral kills)
  4 yaks (D:12)
  An orc warrior (Bailey)
  6 orcs
11 creatures vanquished.

Grand Total: 240 creatures vanquished

Notes
Turn   | Place    | Note
-------+----------+-------------------------------------------
     0 | D:1      | smashvw the Vine Stalker Berserker began the quest for the
                  | Orb.
     0 | D:1      | Reached XP level 1. HP: 11/11 MP: 2/2
    80 | D:1      | Reached skill level 1 in Stealth
    90 | D:1      | Reached XP level 2. HP: 16/16 MP: 3/3
   336 | D:1      | Reached XP level 3. HP: 20/20 MP: 4/4
   383 | D:1      | Reached ** piety under Trog
   426 | D:1      | Found Ymek's Armour Emporium.
  1181 | D:2      | Reached XP level 4. HP: 24/24 MP: 5/5
  1488 | D:3      | Reached XP level 5. HP: 28/28 MP: 6/6
  1541 | D:3      | Found a faded altar of an unknown god.
  1579 | D:3      | Identified the +5 long sword "Guizxoku" {flame, rN+ rCorr}
  1830 | D:3      | Found a broken altar of Ashenzari.
  2292 | D:4      | Reached XP level 6. HP: 33/33 MP: 7/7
  2293 | D:4      | Noticed Eustachio
  2319 | D:4      | Killed Eustachio
  2357 | D:4      | Found a staircase to the Ecumenical Temple.
  2370 | D:4      | Noticed Duvessa
  2371 | D:4      | Noticed Dowan
  2377 | D:4      | Killed Duvessa
  2378 | D:4      | Reached skill level 5 in Stealth
  2378 | D:4      | Reached XP level 7. HP: 38/38 MP: 5/8
  2389 | D:4      | Killed Dowan
  2395 | D:4      | Reached *** piety under Trog
  2515 | D:4      | Reached skill level 5 in Fighting
  2893 | D:4      | Found a runed translucent door.
  2894 | D:4      | Noticed Crazy Yiuf
  2918 | D:5      | Entered Level 5 of the Dungeon
  2918 | D:5      | Noticed Menkaure
  2925 | D:5      | Killed Menkaure
  2926 | D:5      | Reached skill level 5 in Short Blades
  2934 | D:5      | Found a glowing drain.
  2960 | Sewer    | Entered a sewer
  3046 | Sewer    | Gained mutation: You have razor-sharp teeth. [Vine Stalker
                  | growth]
  3046 | Sewer    | Reached XP level 8. HP: 35/44 MP: 7/9
  3070 | Sewer    | Found a glowing silver altar of Zin.
  4038 | D:6      | Found a basalt altar of Yredelemnul.
  4610 | D:7      | Reached **** piety under Trog
  4753 | D:7      | Reached XP level 9. HP: 42/50 MP: 7/10
  5356 | D:8      | Found a runed translucent gate.
  5357 | D:8      | Found a runed translucent gate.
  5358 | D:8      | Found a runed translucent gate.
  5359 | D:8      | Noticed a death yak
  5590 | D:8      | Noticed a two-headed ogre
  5593 | D:8      | Noticed Maurice
  5597 | D:8      | Killed a two-headed ogre
  5607 | D:8      | Something stole an amulet of faith
  5610 | D:8      | Something stole the +5 long sword "Guizxoku" {flame, rN+
                  | rCorr}
  5612 | D:8      | Something stole 231 gold
  5614 | D:8      | Something stole 177 gold
  5617 | D:8      | Something stole 36 gold
  5639 | D:8      | Killed Maurice
  5640 | D:8      | Reached XP level 10. HP: 34/58 MP: 8/11
  5852 | D:8      | Found a shimmering blue altar of Sif Muna.
  6233 | D:8      | Reached ***** piety under Trog
  6303 | D:8      | Found Kuobarest's Book Shoppe.
  6440 | D:9      | Found a staircase to the Orcish Mines.
  6523 | D:9      | You fall into a shaft and drop 3 floors!
  6558 | D:12     | Reached skill level 10 in Fighting
  6558 | D:12     | Reached skill level 10 in Short Blades
  6723 | D:11     | Reached skill level 5 in Armour
  6723 | D:11     | Reached XP level 11. HP: 63/63 MP: 12/12
  6732 | D:11     | Received a gift from Trog
  6742 | D:11     | Reached skill level 1 in Evocations
  6854 | D:11     | Noticed a purple ugly thing
  6879 | D:11     | Killed a purple ugly thing
  6974 | D:10     | Entered Level 10 of the Dungeon
  7479 | D:10     | Found a flagged portal.
  7488 | Bailey   | Entered a bailey
  7572 | Bailey   | Noticed an orc knight
  7580 | Bailey   | HP: 3/63 [orc knight/+0 halberd (15)]
  7581 | Bailey   | HP: 1/63 [orc warrior/+0 trident (6)]
  7581 | Bailey   | Mangled by an orc knight

Illustrated notes

Levels and vault maps discovered:
D:1:      lemuel_arrival_cross, layout_rooms, serial_shops, shop, minmay_cut_off
D:2:      layout_loops_corners
D:3:      layout_basic, lemuel_doored_altar, basic_ecumenical_altar
D:4:      layout_cave_pools, minmay_temple_entry_arrows, uniq_eustachio,
          uniq_duvessa, uniq_crazy_yiuf_cottage
D:5:      layout_rooms, mainiacjoe_sewer_entry_somewhere_in_here_1,
          nicolae_zig_zag_zippers, uniq_menkaure
D:6:      layout_basic, general_overflow_altar
D:7:      layout_basic
D:8:      lemuel_bear_cage, layout_gridville, mainiacjoe_overflow_boulevard,
          serial_shops, shop, uniq_maurice
D:9:      layout_gridville, mainiacjoe_overflow_alcove_2,
          minmay_lair_entry_grove, minmay_orc_entry_temple_small
D:10:     layout_loops_ring, lemuel_coloured_pillars_altar, enter_bailey_2,
          minmay_misc_feat_cross
D:11:     layout_roguey, chequers_serial_rivers_small_b
D:12:     layout_rooms, uniq_nergalle
Bailey:   bailey_polearm_elven_captive_hellmonk, bailey

Skill      XL: |  1  2  3  4  5  6  7  8  9 10 11 |
---------------+----------------------------------+-----
Stealth        | 1 2 3 4 5 6 |  6.0
Fighting       | 3 4 5 7 9 10 | 10.0
Short Blades   | 3 4 5 7 8 10 | 10.5
Armour         | 5 6 |  6.2
Evocations     | 3 |  3.0
Dodging        | |  1.5

Action                     |  1- 3 |  4- 6 |  7- 9 | 10-12 || total
---------------------------+-------+-------+-------+-------++-------
  Melee: Short sword       |    61 |       |       |       ||    61
         Bite              |    26 |    35 |   144 |   164 ||   369
         Dagger            |    52 |   127 |   422 |   405 ||  1006
 Invoke: Berserk           |       |     2 |       |     2 ||     4
         Trog's Hand       |       |       |       |     1 ||     1
         Brothers in Arms  |       |       |       |     1 ||     1
  Evoke: Wand              |       |       |     4 |     4 ||     8
    Use: Scroll            |       |     4 |     5 |     5 ||    14
         Potion            |       |       |       |     3 ||     3
   Stab: Sleeping          |     4 |     1 |     1 |       ||     6
         Distracted        |     1 |       |       |       ||     1
 Armour: Animal skin       |    56 |    56 |    15 |       ||   127
         Chain mail        |       |       |   260 |   238 ||   498
  Dodge: Dodged            |    53 |    57 |   108 |   124 ||   342

Table legend: (Time is in decaauts)
 A = Elapsed time spent in this place.
 B = Non-inter-level travel time spent in this place.
 C = Inter-level travel time spent in this place.
 D = Time resting spent in this place.
 E = Time spent auto-exploring this place.
 F = Levels seen in this place.
 G = Mean time per level.
                   A        B        C        D        E       F      G
               +--------+--------+--------+--------+--------+-----+--------+
         Total |   7265 |   6874 |    391 |      0 |   5136 |  14 |  518.9 |
       Dungeon |   7015 |   6624 |    391 |      0 |   4961 |  12 |  584.6 |
         Sewer |    166 |    166 |      0 |      0 |    125 |   1 |  166.0 |
        Bailey |     83 |     83 |      0 |      0 |     50 |   1 |   83.0 |
               +--------+--------+--------+--------+--------+-----+--------+

Top non-repeatable levels by time:
     D:8: 1074 daAuts
     D:3: 925 daAuts
     D:2: 852 daAuts
     D:6: 791 daAuts
     D:7: 697 daAuts
     D:5: 633 daAuts
     D:1: 561 daAuts
     D:4: 540 daAuts
    D:10: 485 daAuts
    D:11: 295 daAuts
   Sewer: 166 daAuts
    D:12: 84 daAuts
  Bailey: 83 daAuts
     D:9: 72 daAuts
